 Dungeon Crawl Stone Soup version 0.23.2-1-ga50397a6bc (webtiles) character file.

Game seed: 17913348935359617387

8933 Peloso the Carver (level 11, -5/95 HPs)
             Began as a Minotaur Fighter on May 31, 2019.
             Was a High Priest of Okawaru.
             Killed from afar by Nergalle (13 damage)
             ... with a bolt of negative energy
             ... on level 10 of the Dungeon.
             The game lasted 00:20:01 (8491 turns).

Peloso the Carver (Minotaur Fighter)                Turns: 8491, Time: 00:20:01

Health: -5/95      AC: 14    Str: 26    XL:     11   Next: 16%
Magic:  19/19      EV:  8    Int:  5    God:    Okawaru [*****.]
Gold:   513        SH: 12    Dex: 17    Spells: 10/10 levels left

rFire    . . .     SeeInvis .   a - +0 long sword
rCold    . . .     Gourm    .   c - +0 shield
rNeg     . . .     Faith    +   d - +0 chain mail
rPois    .         Spirit   .   n - +1 hat
rElec    .         Reflect  .   (no cloak)
rCorr    .         Harm     .   O - +2 pair of gloves {Str+3}
MR       .....                  (no boots)
Stlth    ..........             y - amulet of faith
HPRegen  0.25/turn              r - ring of magical power
MPRegen  0.16/turn              v - +6 ring of dexterity

@: heavily drained
A: retaliatory headbutt, horns 2
a: Heroism, Finesse, Renounce Religion


You were on level 10 of the Dungeon.
You worshipped Okawaru.
Okawaru was extremely pleased with you.
You were very hungry.

You visited 2 branches of the dungeon, and saw 11 of its levels.

You collected 702 gold pieces.
You spent 189 gold pieces at shops.

Inventory:

Hand Weapons
 a - a +0 long sword (weapon)
Armour
 b - a +0 scale mail
 c - a +0 shield (worn)
 d - a +0 chain mail (worn)
 n - a +1 hat (worn)
 K - a +1 pair of gloves
 O - a +2 pair of gloves of strength (worn)
Jewellery
 r - a ring of magical power (left hand)
 u - an uncursed ring of magical power
 v - a +6 ring of dexterity (right hand)
 y - an amulet of faith (around neck)
 D - an uncursed amulet of magic regeneration
Wands
 l - a wand of random effects (17)
 m - a wand of enslavement (15)
 J - a wand of clouds (4)
Scrolls
 g - 2 scrolls of noise
 h - 6 scrolls of magic mapping
 i - 4 scrolls of teleportation
 k - 3 scrolls of amnesia
 o - 6 scrolls of remove curse
 p - a scroll of identify
 t - 3 scrolls of blinking
 z - 3 scrolls of enchant weapon
 H - 2 scrolls of fog
 L - 2 scrolls of holy word
Potions
 j - a potion of agility {unknown}
 q - a potion of magic
 s - 4 potions of curing
 w - 3 potions of invisibility {unknown}
 x - 3 potions of heal wounds {unknown}
 A - a potion of lignification {unknown}
 B - a potion of brilliance {unknown}
 C - 2 potions of mutation {unknown}
 E - a potion of flight {unknown}
 F - 2 potions of degeneration {unknown}
 G - a potion of cancellation {unknown}
 I - 3 potions of haste
 M - a potion of ambrosia {unknown}
Comestibles
 f - 19 rations


   Skills:
 + Level 8.9(6.2) Fighting
 + Level 12.8(9.8) Long Blades
 + Level 8.8(6.1) Armour
 + Level 4.7(2.3) Dodging
 + Level 2.0(0.0) Stealth
 + Level 10.6(7.8) Shields
 + Level 0.2(0.0) Invocations


You had 10 spell levels left.
You didn't know any spells.
Your spell library contained the following spells:

 Spells                   Type           Power        Failure   Level  Hunger
 Sting                    Conj/Pois      #...         100%        1    ##.....
 Poisonous Vapours        Pois/Air       #.....       100%        2    ###....
 Mephitic Cloud           Conj/Pois/Air  #.......     100%        3    ####...
 Olgreb's Toxic Radiance  Pois           #.......     100%        4    #####..
 Venom Bolt               Conj/Pois      #.........   100%        5    ######.


Dungeon Overview and Level Annotations

Branches:
Dungeon (10/15)            Temple (1/1) D:5            Lair (0/6) D:9
    Orc (0/2) D:9

Altars:
Ashenzari
Cheibriados
Fedhas
Gozag
Kikubaaqudgha
Makhleb
Nemelex Xobeh
Okawaru
Qazlal
Sif Muna
Trog
Uskayaw
Vehumet
Wu Jian
Xom
Yredelemnul
Zin

Shops:
D:7 ?

Annotations:
D:10 Nergalle


Innate Abilities, Weirdness & Mutations

You reflexively headbutt those who attack you in melee.
You have a pair of horns on your head.


Message History

You hit Nergalle but do no damage.
You headbutt Nergalle, but do no damage.
Nergalle is moderately wounded.
Nergalle barely misses you.
You hit Nergalle but do no damage. Your headbutt misses Nergalle.
Nergalle is moderately wounded.
Nergalle closely misses you. You furiously retaliate!
You headbutt Nergalle.
You riposte.
You hit Nergalle.
Nergalle is moderately wounded.
You hit Nergalle but do no damage.
You headbutt Nergalle, but do no damage.
Nergalle is moderately wounded.
Nergalle casts a spell at you. The bolt of negative energy hits you!!
You feel drained.
* * * LOW HITPOINT WARNING * * *
Your chain mail prevents you from hitting Nergalle.
Nergalle is moderately wounded.
Nergalle casts a spell at you. The bolt of negative energy hits you!
You feel drained.
You die...

### #.#######
#.......### #.........#
####.........#
#............# #####
#.............
......#####.............
#....o@................
#..###########.........
........###.......
..........#.......
.#####....#.......
#....?[...(..
#....#....... +.
#....#......# ..#.
#....#......#


You could see Nergalle.

Vanquished Creatures
  Gastronok (D:10)
  Maurice (D:9)
  A hornet (D:10)
  A hippogriff (D:8)
  4 yaks
  Eustachio (D:5)
  2 hungry ghosts
  A steam dragon (D:9)
  2 water moccasins
  A hornet zombie (D:5)
  A porcupine (D:9)
  An orc warrior (D:9)
  An ice beast (D:9)
  2 sky beasts
  2 black bears
  7 ogres
  2 phantoms
  6 centaurs
  2 crocodiles (D:9)
  An elf zombie (D:8)
  9 bullfrogs
  A wyvern zombie (D:10)
  2 scorpions
  2 wyvern skeletons
  2 wights (D:8)
  5 howler monkeys (D:7)
  3 vampire bats (D:8)
  A bullfrog zombie (D:5)
  5 crimson imps
  3 centaur zombies
  A quasit (D:9)
  3 hounds
  An orc wizard (D:9)
  4 centaur skeletons
  4 human zombies (D:8)
  A jelly (D:9)
  Terence (D:2)
  3 bullfrog skeletons
  2 human skeletons (D:8)
  2 iguanas
  Ijyb (D:3)
  5 worker ants
  A killer bee zombie (D:10)
  2 hound zombies (D:7)
  3 mummies (D:8)
  2 howler monkey zombies
  A worker ant zombie (D:6)
  6 gnolls
  16 adders
  2 shadow imps
  2 oozes
  3 adder skeletons
  5 worms
  2 dart slugs
  6 leopard geckos
  19 orcs
  3 bat skeletons (D:8)
  3 bat zombies (D:8)
  6 giant cockroaches
  5 hobgoblins
  9 jackals
  6 kobolds
  4 quokkas
  3 ball pythons
  8 bats
  6 frilled lizards
  5 goblins
  2 jackal skeletons
  A leopard gecko skeleton (D:4)
  A leopard gecko zombie (D:5)
  A quokka zombie (D:8)
  4 rats
  A fungus (D:9)
239 creatures vanquished.

Vanquished Creatures (others)
  22 fungi (D:9)
  4 plants (D:9)
26 creatures vanquished.

Grand Total: 265 creatures vanquished

Notes
Turn   | Place    | Note
-------+----------+-------------------------------------------
     0 | D:1      | Peloso the Minotaur Fighter began the quest for the Orb.
     0 | D:1      | Reached XP level 1. HP: 19/19 MP: 0/0
   325 | D:1      | Reached XP level 2. HP: 27/27 MP: 1/1
   925 | D:2      | Reached skill level 3 in Long Blades
   925 | D:2      | Reached XP level 3. HP: 21/33 MP: 2/2
   950 | D:2      | Found a stormy altar of Qazlal.
   979 | D:2      | Noticed Terence
   994 | D:2      | Killed Terence
   994 | D:2      | Reached skill level 1 in Dodging
   994 | D:2      | Reached XP level 4. HP: 23/40 MP: 3/3
  1121 | D:2      | Noticed a +0 hand axe
  1123 | D:2      | Noticed a +0 hand axe
  1136 | D:2      | Found a hide-covered altar of Uskayaw.
  1380 | D:3      | Noticed Ijyb
  1396 | D:3      | Killed Ijyb
  1396 | D:3      | Reached XP level 5. HP: 47/47 MP: 4/4
  2039 | D:4      | Noticed an ogre
  2046 | D:4      | Killed an ogre
  2046 | D:4      | Reached skill level 4 in Long Blades
  2046 | D:4      | Reached skill level 5 in Armour
  2046 | D:4      | Reached skill level 5 in Shields
  2046 | D:4      | Reached XP level 6. HP: 20/53 MP: 5/5
  2311 | D:4      | Found a bloodstained altar of Trog.
  2586 | D:4      | Reached skill level 5 in Long Blades
  2922 | D:5      | Entered Level 5 of the Dungeon
  2922 | D:5      | Found a bloodstained altar of Trog.
  2968 | D:5      | Found a shattered altar of Ashenzari.
  2973 | D:5      | Reached XP level 7. HP: 60/60 MP: 6/6
  2986 | D:5      | Reached skill level 1 in Stealth
  3036 | D:5      | Reached skill level 5 in Fighting
  3036 | D:5      | Reached skill level 6 in Long Blades
  3068 | D:5      | Found an opulent altar of Gozag.
  3088 | D:5      | Found a staircase to the Ecumenical Temple.
  3160 | D:5      | Noticed Eustachio
  3233 | D:5      | Killed Eustachio
  3233 | D:5      | Reached skill level 7 in Long Blades
  3233 | D:5      | Reached XP level 8. HP: 26/69 MP: 7/7
  3487 | D:5      | Found a blossoming altar of Fedhas.
  3673 | Temple   | Entered the Ecumenical Temple
  3701 | Temple   | Became a worshipper of Warmaster Okawaru
  3790 | D:6      | Found a radiant altar of Vehumet.
  4058 | D:6      | Reached skill level 8 in Long Blades
  4359 | D:7      | Reached * piety under Okawaru
  4388 | D:7      | Reached skill level 9 in Long Blades
  4570 | D:6      | Reached ** piety under Okawaru
  4570 | D:6      | Reached XP level 9. HP: 36/77 MP: 8/8
  5275 | D:7      | Found a radiant altar of Vehumet.
  5276 | D:7      | Found a burning altar of Makhleb.
  5374 | D:7      | Reached *** piety under Okawaru
  5455 | D:7      | Reached skill level 10 in Long Blades
  5501 | D:7      | Found Venov's Magic Scroll Shoppe.
  5504 | D:7      | Bought a scroll of teleportation for 42 gold pieces
  5504 | D:7      | Bought a scroll of fog for 28 gold pieces
  5504 | D:7      | Bought a scroll of remove curse for 42 gold pieces
  5504 | D:7      | Bought a scroll of magic mapping for 49 gold pieces
  5504 | D:7      | Bought a scroll of identify for 28 gold pieces
  5717 | D:8      | Found a sparkling altar of Nemelex Xobeh.
  6035 | D:8      | Reached XP level 10. HP: 77/86 MP: 9/9
  6042 | D:8      | Reached **** piety under Okawaru
  6052 | D:8      | Found a basalt altar of Yredelemnul.
  6191 | D:8      | Found a sparkling altar of Nemelex Xobeh.
  6449 | D:8      | Found an ancient bone altar of Kikubaaqudgha.
  6570 | D:9      | Reached skill level 11 in Long Blades
  7065 | D:9      | Noticed Maurice
  7086 | D:9      | Killed Maurice
  7386 | D:9      | Found an ornate altar of the Wu Jian Council.
  7478 | D:9      | Found a shimmering altar of Xom.
  7517 | D:9      | Found a staircase to the Lair.
  7532 | D:9      | Reached ***** piety under Okawaru
  7548 | D:9      | Reached skill level 12 in Long Blades
  7549 | D:9      | Reached skill level 10 in Shields
  7660 | D:9      | Found a staircase to the Orcish Mines.
  7857 | D:10     | Entered Level 10 of the Dungeon
  7952 | D:10     | Noticed Gastronok
  7982 | D:10     | Killed Gastronok
  7982 | D:10     | Received a gift from Okawaru
  7982 | D:10     | Reached XP level 11. HP: 81/95 MP: 10/10
  8085 | D:10     | Paralysed by a hornet for 3 turns
  8120 | D:10     | Got a bloodstained flail
  8121 | D:10     | Identified the +6 flail "Liusybih" {freeze, Fragile Str+7
                  | Dex+4 Stlth-} (You found it on level 10 of the Dungeon)
  8477 | D:10     | Noticed Nergalle
  8491 | D:10     | Killed from afar by Nergalle

Skill      XL: |  1  2  3  4  5  6  7  8  9 10 |
---------------+-------------------------------+-----
Shields        | 4 5 6 7 8 10 | 10.6
Fighting       | 4 5 6 7 8 |  8.9
Long Blades    | 3 4 5 7 9 10 12 | 12.8
Dodging        | 1 2 3 4 |  4.7
Armour         | 4 5 6 7 8 |  8.8
Stealth        | 1 2 |  2.0
Invocations    | |  0.2

Action                   |  1- 3 |  4- 6 |  7- 9 | 10-12 || total
-------------------------+-------+-------+-------+-------++-------
Melee: Long sword        |    84 |   131 |   324 |   244 ||   783
       Headbutt          |    12 |    37 |   121 |    84 ||   254
Invok: Heroism           |       |       |       |     2 ||     2
  Use: Potion            |       |       |     3 |     1 ||     4
       Scroll            |       |       |       |     7 ||     7
  Eat: Chunk             |       |     6 |    12 |     8 ||    26
Armor: Scale mail        |    74 |    52 |    90 |    31 ||   247
       Chain mail        |       |       |       |    49 ||    49
Dodge: Dodged            |    36 |    60 |   119 |    88 ||   303
Block: Shield            |    68 |    76 |   180 |   162 ||   486
       Rpst.: Long sword |    13 |    18 |    36 |    23 ||    90
